 Dungeon Crawl Stone Soup version 0.28-a0-1206-g193881aaa2 (webtiles) character file.

Game seed: 4728797532833538258

4078 fragbeetle the Spear-Bearer (level 10, -7/77 HPs)
             Began as a Merfolk Gladiator on Dec 20, 2021.
             Was a Believer of Qazlal.
             Mangled by a two-headed ogre (10 damage)
             ... while paralysed by Maurice
             ... on level 8 of the Dungeon.
             The game lasted 00:33:55 (11426 turns).

fragbeetle the Spear-Bearer (Merfolk Gladiator)    Turns: 11426, Time: 00:33:57

Health: -7/77      AC:  8    Str: 25    XL:     10   Next: 25%
Magic:  10/10      EV:  2    Int: 15    God:    Qazlal [**....]
Gold:   481        SH:  0    Dex: 15    Spells: 7/9 levels left

rFire   . . .      SeeInvis .   a - +2 trident
rCold   . . .      Faith    .   (no shield)
rNeg    . . .      Spirit   .   M - +0 acid dragon scales
rPois   +          Reflect  .   c - +0 helmet
rElec   .          Harm     .   m - scarf {repulsion}
rCorr   +          Rampage  .   (no gloves)
Will    .....                   (no boots)
Stlth   +.........              (no amulet)
HPRegen 0.22/turn               F - ring of Doruesew {rPois Int+7 Slay+2}
MPRegen 0.12/turn               L - +6 ring of strength

@: paralysed, repel missiles
A: (nimble swimmer 2), mertail
a: Renounce Religion, Upheaval


You were on level 8 of the Dungeon.
You worshipped Qazlal.
Qazlal was pleased with you.
You visited 2 branches of the dungeon, and saw 9 of its levels.
You also visited: Ossuary.

You collected 481 gold pieces.

Inventory:

Hand Weapons
 a - a +2 trident (weapon)
 e - a +1 scimitar of flaming
Missiles
 d - 2 throwing nets
 f - 156 stones
 q - 38 poisoned darts (quivered)
 C - 5 boomerangs
Armour
 c - a +0 helmet (worn)
 h - a +0 cloak
 m - a scarf of repulsion (worn)
 M - +0 acid dragon scales (worn)
Magical Staves
 n - a staff of fire
Jewellery
 F - the ring of Doruesew (left hand) {rPois Int+7 Slay+2}
   (You found it on level 5 of the Dungeon)

   [ring of poison resistance]

   Int:       It affects your intelligence (+7).
   Slay:      It affects your accuracy & damage with ranged weapons and melee
   (+2).
   rPois:     It protects you from poison.
 J - a ring of protection from cold
 L - a +6 ring of strength (right hand)
Wands
 y - a wand of iceblast (12)
 E - a wand of flame (10)
 G - a wand of charming (11)
 H - a wand of paralysis (9)
Scrolls
 g - 2 scrolls of magic mapping
 i - 4 scrolls of fog
 j - 3 scrolls of vulnerability
 k - a scroll of immolation {unknown}
 l - 2 scrolls of blinking
 p - 4 scrolls of teleportation
 x - a scroll of fear {unknown}
 D - a scroll of amnesia {unknown}
 I - a scroll of silence {unknown}
Potions
 b - a potion of berserk rage {unknown}
 o - 3 potions of lignification
 s - a potion of ambrosia
 t - a potion of invisibility {unknown}
 u - 2 potions of heal wounds
 v - 6 potions of curing
 z - a potion of flight
 A - a potion of brilliance {unknown}
 B - a potion of degeneration {unknown}
Miscellaneous
 r - a piece from Xom's chessboard (15/15)


   Skills:
 + Level 6.8 Fighting
 * Level 12.7 Polearms
 - Level 3.0 Throwing
 + Level 3.9 Armour
 + Level 8.8 Dodging
 + Level 6.2 Poison Magic


You had 7 spell levels left.
You knew the following spells:

 Your Spells              Type           Power      Damage    Failure   Level
a - Poisonous Vapours     Pois/Air       18%        N/A       14%         2

Your spell library contained the following spells:

 Spells                   Type           Power      Damage    Failure   Level
 Slow                     Hex            0%         N/A       32%         1
 Corpse Rot               Necr/Air       0%         N/A       45%         2
 Confusing Touch          Hex            0%         N/A       69%         3
 Vampiric Draining        Necr           0%         2d6       69%         3
 Summon Forest            Summ/Tloc      0%         N/A       100%        5
 Summon Mana Viper        Hex/Summ       0%         N/A       100%        5
 Summon Cactus Giant      Summ           0%         N/A       100%        6
 Chain Lightning          Conj/Air       0%         N/A       100%        9
 Fire Storm               Conj/Fire      0%         5d1       100%        9
 Shatter                  Erth           0%         3d5*      100%        9


Dungeon Overview and Level Annotations

Branches:
Dungeon (8/15)             Temple (1/1) D:5         Ossuary (visited)
   Lair: D:8-11

Altars:
Ashenzari
Cheibriados
Dithmenos
Elyvilon
Fedhas
Gozag
Hepliaklqana
Kikubaaqudgha
Makhleb
Nemelex Xobeh
Okawaru
Qazlal
Ru
Sif Muna
Trog
Uskayaw
Wu Jian
Xom
Yredelemnul
Zin
The Shining One

Shops:
D:6 *

Annotations:
D:3 2 transporters, siradein's ghost, weakling DEFE
D:7 2 runed translucent doors, KennySheep's ghost, amateur DECj
D:8 Maurice


Innate Abilities, Weirdness & Mutations

((You are quick and stealthy near water. (Stealth+, EV+, Speed+++)))
Your lower body shifts to a powerful aquatic tail in water.


Message History

Qazlal accepts your kill.
You feel very sick.
You feel very sick.
Things that are here:
a +1 scimitar of flaming; a +2 robe of resistance; the human corpse of Erica
e - a +1 scimitar of flaming You feel sick.
You start resting.
You feel sick. x7
You are no longer poisoned.
You start resting.
You hear two shouts!
A two-headed ogre comes into view.
It is wielding a +0 dire flail and a +0 giant club.
Things that are here:
a +2 robe of resistance; the human corpse of Erica You see here a sky beast corpse.
Aiming: Paralyse
Press: ? - help, Shift-Dir - straight line, f - two-headed ogre
Aim: a two-headed ogre, wielding a +0 dire flail and a +0 giant club (chance to affect: 28%)
Okay, then.
There is a stone staircase leading up here.
You puncture the two-headed ogre!
The two-headed ogre is lightly wounded.
You hit the two-headed ogre.
The two-headed ogre is moderately wounded.
The two-headed ogre hits you with a +0 dire flail!
The two-headed ogre hits you with a +0 giant club!!
* * * LOW HITPOINT WARNING * * *
Maurice the Thief comes into view.
He is wielding a +0 short sword and carrying a wand of paralysis (11).
Found a scroll of identify.
Maurice shouts!
Maurice zaps a wand.
You easily resist.
Found 12 gold pieces.
Maurice zaps a wand.
You suddenly lose the ability to move!
Maurice gestures wildly while chanting.
Maurice flickers and vanishes!
Deactivating autopickup; reactivate with Ctrl-A.
The two-headed ogre hits you with a +0 dire flail!!
* * * LOW HITPOINT WARNING * * *
The two-headed ogre hits you with a +0 giant club!
You die...

#.... ...... ..###..÷.
..... ............ #....
...######... $. #...#
#..# ####.(. ...
###..####..###.#....
....#.........###..##...
..................#.....
.......@O.........#..#..
.........°.....†.##..[..
.............<.#........
..................##....
...........#.....##.....
..........##...#####....
.....{........## ###.#
...?..........# ###
.......###..##


You could see a two-headed ogre.

Vanquished Creatures
  Erica (D:8)
  A steam dragon (D:6)
  An acid dragon (D:8)
  A water moccasin (D:7)
  2 orc warriors (D:7)
  A hornet zombie (D:6)
  An ice beast (D:7)
  3 necrophages
  A sky beast (D:8)
  3 ogres
  An elf zombie (Ossuary)
  5 bullfrogs
  3 scorpions
  A water moccasin skeleton (D:6)
  12 killer bees
  A howler monkey (D:5)
  A human zombie (Ossuary)
  2 hounds
  2 centaur zombies
  A jelly (D:7)
  A bullfrog zombie (D:5)
  6 orc priests
  2 bullfrog skeletons (D:5)
  3 iguanas
  5 orc wizards
  Ijyb (D:4)
  A hound zombie (Ossuary)
  3 mummies (Ossuary)
  Robin (D:2)
  A howler monkey zombie (D:8)
  3 gnolls (D:5)
  6 adders
  2 white imps
  6 adder zombies (Ossuary)
  2 adder skeletons (D:4)
  3 worms
  A dart slug (D:4)
  29 orcs
  7 ball pythons
  4 bats
  6 endoplasms
  3 giant cockroaches
  5 gnoll zombies (Ossuary)
  16 goblins
  9 hobgoblins
  5 jackals
  A quokka (D:5)
  3 frilled lizards
  3 goblin zombies (Ossuary)
  3 hobgoblin zombies (Ossuary)
  3 jackal zombies (Ossuary)
  5 kobolds
  3 kobold zombies (Ossuary)
  3 quokka zombies (Ossuary)
  5 rats
  5 rat zombies (Ossuary)
  A butterfly (D:8)
210 creatures vanquished.

Vanquished Creatures (others)
  An orc wizard (D:6)
1 creature vanquished.

Grand Total: 211 creatures vanquished

Notes
Turn   | Place    | Note
-------+----------+-------------------------------------------
     0 | D:1      | fragbeetle the Merfolk Gladiator began the quest for the
                  | Orb.
     0 | D:1      | Reached XP level 1. HP: 16/16 MP: 1/1
   630 | D:1      | Reached XP level 2. HP: 23/23 MP: 2/2
   727 | D:1      | Found a faded altar of an unknown god.
   769 | D:1      | Reached skill level 5 in Polearms
  1105 | D:1      | Reached XP level 3. HP: 17/28 MP: 3/3
  1111 | D:1      | Learned a level 2 spell: Poisonous Vapours
  2245 | D:2      | Noticed Robin
  2268 | D:2      | Killed Robin
  2269 | D:2      | Reached XP level 4. HP: 25/34 MP: 4/4
  2615 | D:2      | Found a broken altar of Ashenzari.
  3027 | D:3      | Reached skill level 1 in Poison Magic
  3044 | D:3      | Found a shimmering blue altar of Sif Muna.
  3250 | D:3      | Found a transporter.
  3251 | D:3      | Noticed a small abomination
  3261 | D:3      | Noticed a small abomination
  3287 | D:3      | Noticed a kobold brigand
  3291 | D:3      | Found a transporter.
  3326 | D:3      | Noticed an ancient zyme
  3329 | D:3      | Noticed siradein's ghost (weakling DEFE)
  3462 | D:3      | Found a broken altar of Ashenzari.
  3472 | D:3      | Reached skill level 6 in Polearms
  3472 | D:3      | Reached XP level 5. HP: 13/41 MP: 5/5
  3973 | D:4      | Noticed an ogre
  4290 | D:4      | Found a sand-covered staircase.
  4307 | Ossuary  | Entered an ossuary
  4409 | Ossuary  | Reached skill level 5 in Dodging
  4462 | Ossuary  | Reached XP level 6. HP: 39/47 MP: 6/6
  4786 | Ossuary  | Reached skill level 7 in Polearms
  5061 | Ossuary  | Reached skill level 1 in Armour
  5407 | D:4      | Found a hazy altar of Hepliaklqana.
  5421 | D:4      | Found an ornate altar of the Wu Jian Council.
  5587 | D:4      | Reached XP level 7. HP: 15/53 MP: 7/7
  5887 | D:4      | Noticed Ijyb
  5900 | D:4      | Killed Ijyb
  5998 | D:4      | Found a glowing silver altar of Zin.
  6012 | D:4      | Reached skill level 8 in Polearms
  6235 | D:4      | Found a sacrificial altar of Ru.
  6620 | D:5      | Entered Level 5 of the Dungeon
  6707 | D:5      | Reached XP level 8. HP: 61/61 MP: 8/8
  6849 | D:5      | Found a hide-covered altar of Uskayaw.
  7039 | D:5      | Found a staircase to the Ecumenical Temple.
  7062 | Temple   | Entered the Ecumenical Temple
  7096 | Temple   | Became a worshipper of Qazlal Stormbringer
  7332 | D:5      | Identified the ring of Doruesew {rPois Int+7 Slay+2}
  7348 | D:5      | Reached skill level 9 in Polearms
  8138 | D:6      | Found Efouraiju's Overcharged Wands.
  8252 | D:6      | Reached skill level 5 in Fighting
  8766 | D:7      | Noticed KennySheep's ghost (amateur DECj)
  8766 | D:7      | Found a large runed translucent door.
  8766 | D:7      | Found a large runed translucent door.
  9068 | D:6      | Reached skill level 10 in Polearms
  9121 | D:7      | Reached XP level 9. HP: 67/68 MP: 9/9
  9218 | D:7      | Found a blossoming altar of Fedhas.
  9318 | D:7      | Reached * piety under Qazlal
  9333 | D:7      | Reached skill level 5 in Poison Magic
  9337 | D:7      | Reached skill level 11 in Polearms
  9739 | D:8      | Found a shimmering altar of Xom.
 10098 | D:8      | Found a shadowy altar of Dithmenos.
 10266 | D:8      | Noticed a gargoyle
 10580 | D:7      | Found an ancient bone altar of Kikubaaqudgha.
 10918 | D:7      | Reached skill level 12 in Polearms
 10918 | D:7      | Reached ** piety under Qazlal
 11036 | D:8      | Reached XP level 10. HP: 23/77 MP: 10/10
 11336 | D:8      | Noticed Erica
 11357 | D:8      | Killed Erica
 11407 | D:8      | Noticed a two-headed ogre
 11422 | D:8      | Noticed Maurice
 11425 | D:8      | Paralysed by Maurice for 6 turns
 11426 | D:8      | HP: 3/77 [two-headed ogre (18)]
 11426 | D:8      | Mangled by a two-headed ogre

Illustrated notes

Levels and vault maps discovered:
D:1:      dpeg_arrival_morbid_curiosity, layout_basic,
          shapermc_ecumenical_altar_mp_urbaneastern
D:2:      layout_basic, basic_altar, roderic_lattice_a,
          minmay_misc_feat_four_crosses, corexii_corridor_pit, uniq_robin
D:3:      layout_basic, kennysheep_orc_sif_temple,
          mainiacjoe_overflow_small_starburst, gammafunk_ghost_abyssal_escape
D:4:      layout_loops_ring, kennysheep_mini_moat, mainiacjoe_overflow_swirl,
          mainiacjoe_overflow_tiny_flanked,
          lightli_ossuary_entry_decrepit_ruins, uniq_ijyb
D:5:      layout_gridville, nicolae_uskayaw_murder_on_the_dancefloor,
          minmay_temple_entry_grid
D:6:      layout_loops_ring, nicolae_shop_overcharged_wands
D:7:      layout_rooms, mainiacjoe_overflow_alcove_2, marbit_many_paths,
          ebering_ghost_disaster_area, minmay_quadrilaterals
D:8:      layout_cave_pools, nicolae_dithmenos_the_darkroom, xom_butterflies,
          uniq_erica, uniq_maurice
Temple:   cyrus_temple_forest

Skill      XL: |  1  2  3  4  5  6  7  8  9 10 |
---------------+-------------------------------+-----
Polearms       | 5 6 7 8 10 12 | 12.7
Poison Magic   | 1 2 3 4 5 6 |  6.2
Fighting       | 3 4 5 6 |  6.8
Throwing       | 3 |  3.0
Dodging        | 5 6 7 8 |  8.8
Armour         | 1 2 3 |  3.9

Action                   |  1- 3 |  4- 6 |  7- 9 | 10-12 || total
-------------------------+-------+-------+-------+-------++-------
Melee: Trident           |   126 |   350 |   420 |    18 ||   914
Throw: Stone             |       |     6 |     1 |       ||     7
       Dart              |       |       |    33 |       ||    33
       Throwing net      |       |       |     1 |       ||     1
Evoke: Wand              |       |       |    16 |     1 ||    17
  Use: Potion            |       |     1 |     2 |       ||     3
       Scroll            |       |       |     1 |     9 ||    10
 Stab: Held in net/web   |       |       |     1 |       ||     1
Armor: Leather armour    |    47 |    17 |       |       ||    64
       Ring mail         |       |    54 |    47 |       ||   101
       Skin              |       |     5 |     8 |       ||    13
       Steam dragon scal |       |       |    38 |       ||    38
       Acid dragon scale |       |       |       |     3 ||     3
Dodge: Dodged            |    97 |   139 |   214 |     3 ||   453
       Repelled          |       |       |     3 |     1 ||     4
Block: Other             |       |       |    10 |       ||    10

Table legend: (Time is in decaauts)
 A = Elapsed time spent in this place.
 B = Non-inter-level travel time spent in this place.
 C = Inter-level travel time spent in this place.
 D = Time resting spent in this place.
 E = Time spent auto-exploring this place.
 F = Levels seen in this place.
 G = Mean time per level.
                   A        B        C        D        E       F      G
               +--------+--------+--------+--------+--------+-----+--------+
         Total |  11325 |  11100 |    225 |   4100 |   3525 |  10 | 1132.5 |
       Dungeon |  10143 |   9918 |    225 |   3532 |   3484 |   8 | 1267.9 |
        Temple |    105 |    105 |      0 |      0 |     41 |   1 |  105.0 |
       Ossuary |   1076 |   1076 |      0 |    568 |      0 |   1 | 1076.0 |
               +--------+--------+--------+--------+--------+-----+--------+

Top non-repeatable levels by time:
     D:1: 1672 daAuts
     D:4: 1562 daAuts
     D:6: 1514 daAuts
     D:7: 1387 daAuts
     D:2: 1265 daAuts
 Ossuary: 1076 daAuts
     D:5: 1031 daAuts
     D:3: 1027 daAuts
     D:8: 683 daAuts
  Temple: 105 daAuts
